 Dungeon Crawl Stone Soup version 0.27.1-37-g7b29ead8ac (console) character file.

Game seed: 15074961000808060092

191 grimtooth the Ducker (level 6, 0/34 HPs)
             Began as a Kobold Artificer on Dec 27, 2023.
             Slain by a sky beast (4 damage)
             ... on level 4 of the Dungeon.
             The game lasted 00:26:35 (6451 turns).

grimtooth the Ducker (Kobold Artificer)             Turns: 6451, Time: 00:26:36

Health: 0/34       AC:  3    Str:  9    XL:     6   Next: 2%
Magic:  0/6        EV: 16    Int: 14    God:
Gold:   173        SH:  0    Dex: 16    Spells: 5/5 levels left

rFire    . . .     SeeInvis .   g - +0 dagger
rCold    . . .     Faith    .   (shield restricted)
rNeg     . . .     Spirit   +   b - +0 leather armour
rPois    .         Reflect  .   (no helmet)
rElec    .         Harm     .   (no cloak)
rCorr    .         Rampage  .   (no gloves)
Will     .....                  (no boots)
Stlth    ++++......             s - amulet of guardian spirit
HPRegen  0.11/turn              (no ring)
MPRegen  0.10/turn              (no ring)

@: no status effects
A: small, no large weapons, nightstalker 3
a: no special abilities


You were on level 4 of the Dungeon.
You visited 1 branch of the dungeon, and saw 4 of its levels.

You collected 173 gold pieces.

Inventory:

Hand Weapons
 a - a +0 club
 g - a +0 dagger (weapon)
Missiles
 c - a poisoned dart (quivered)
 m - 35 stones
 n - 19 sling bullets
Armour
 b - a +0 leather armour (worn)
Jewellery
 s - an amulet of guardian spirit (around neck)
Wands
 d - a wand of charming (13)
Scrolls
 f - a scroll of magic mapping {unknown}
 i - a scroll of teleportation {unknown}
 k - 3 scrolls of identify {unknown}
 o - a scroll of enchant armour {unknown}
 p - 2 scrolls of noise {unknown}
 r - a scroll of silence {unknown}
 u - a scroll of fear {unknown}
 x - 2 scrolls of torment {unknown}
Potions
 j - 2 potions of curing {unknown}
 l - a potion of might
 q - a potion of flight {unknown}
 t - a potion of resistance {unknown}
 v - a potion of mutation {unknown}
 w - a potion of degeneration {unknown}
Miscellaneous
 e - a piece from Xom's chessboard (14/15)


   Skills:
 - Level 1.1 Fighting
 - Level 0.7 Armour
 * Level 5.9 Dodging
 + Level 4.4 Stealth
 - Level 3.6 Evocations


You had 5 spell levels left.
You didn't know any spells.
Your spell library contained the following spells:

 Spells                   Type           Power      Damage    Failure   Level
 Magic Dart               Conj           0%         1d3       36%         1
 Call Imp                 Summ           0%         N/A       52%         2
 Mephitic Cloud           Conj/Pois/Air  0%         N/A       75%         3


Dungeon Overview and Level Annotations

Branches:
Dungeon (4/15)
 Temple: D:4-7

Altars:
Makhleb

Annotations:
D:2 exclusion: kobold, Sigmund, Terence
D:3 exclusion: ball python
D:4 exclusions: 2 gnolls and ogre


Innate Abilities, Weirdness & Mutations

You are small and have problems with some larger weapons.
You are completely attuned to the shadows.


Message History

There is a stone staircase leading down here.
The sky beast flickers out of sight!
Deactivating autopickup; reactivate with Ctrl-A.
A sky beast appears from thin air!
Reactivating autopickup.
The sky beast flickers out of sight!
Deactivating autopickup; reactivate with Ctrl-A.
There is a stone staircase leading down here.
A sky beast appears from thin air!
Reactivating autopickup.
Press: ? - help, v - describe, . - travel
Here: a sky beast (heavily wounded)
The floor.
You make a move on Xom's chessboard...
The sky beast struggles to resist.
The sky beast misses you.
Aiming: Charm
Press: ? - help, Shift-Dir - straight line, f/p - sky beast
Aim: a sky beast (heavily wounded, chance to affect: 56%)
Okay, then.
The sky beast flickers out of sight!
Deactivating autopickup; reactivate with Ctrl-A.
You see here a poisoned dart.
You see here a poisoned dart.
There is a stone staircase leading up here.
A sky beast appears from thin air!
Reactivating autopickup.
You see here a poisoned dart.
Throw: 2 darts (poison)
Press: ? - help, Q - select action, (/) - cycle Shift-Dir - straight line, f/p - sky beast
Aim: a sky beast (heavily wounded, 48% to hit)
You throw a poisoned dart.
The poisoned dart barely misses the sky beast.
The sky beast hits you.
* * * LOW HITPOINT WARNING * * *
The sky beast shocks you.
* * * LOW HITPOINT WARNING * * *
The sky beast hits you.
* * * LOW HITPOINT WARNING * * *
The sky beast shocks you.
You die...

#.# ##.##.###########...#
#.####### #.##.....>.........####
#.......###.#########.#..........
#.#####.##..≈########............
..# #.................####.#####
#.# ##..#...########### #(# # #.#
##.##.## #(# # #.# .....# #.# #
... .###..### #<# #
#....#############.# #
##.##...@Y.....((...# #
...##.############### #
###....... # #.[..#### # #
#....... # #.#.#####. # #.?# #
##.# # ..# # .#.# ##########
#.#.. ..........


You could see a sky beast.

Vanquished Creatures
  An iguana (D:4)
  Natasha (twice) (D:3)
  4 adders
  2 dart slugs
  5 orcs
  4 bats
  4 endoplasms
  3 giant cockroaches
  6 goblins
  4 hobgoblins
  5 jackals (D:1)
  5 quokkas
  9 ball pythons
  4 frilled lizards
  7 kobolds
  4 rats
69 creatures vanquished.

Vanquished Creatures (collateral kills)
  A goblin (D:2)
1 creature vanquished.

Vanquished Creatures (others)
  An adder skeleton (D:4)
  2 demonic plants (D:2)
3 creatures vanquished.

Grand Total: 73 creatures vanquished

Notes
Turn   | Place    | Note
-------+----------+-------------------------------------------
     0 | D:1      | grimtooth the Kobold Artificer began the quest for the Orb.
     0 | D:1      | Reached XP level 1. HP: 12/12 MP: 1/1
   411 | D:1      | Reached skill level 3 in Dodging
   411 | D:1      | Reached XP level 2. HP: 11/16 MP: 2/2
  1299 | D:1      | Reached XP level 3. HP: 20/20 MP: 3/3
  1904 | D:2      | Noticed Sigmund
  1948 | D:2      | Noticed Terence
  2052 | D:2      | Reached skill level 4 in Dodging
  2076 | D:2      | - and the adder ruins all the careful prep
  2080 | D:2      | HP: 1/20 [poisoned by an adder]
  2416 | D:2      | Noticed a cacodemon
  2420 | D:2      | Found a faded altar of an unknown god.
  3377 | D:2      | Reached XP level 4. HP: 25/25 MP: 4/4
  3738 | D:3      | Noticed Natasha
  3748 | D:3      | Killed Natasha
  4289 | D:3      | Noticed Natasha
  4299 | D:3      | Killed Natasha
  4300 | D:3      | Reached skill level 5 in Dodging
  4300 | D:3      | Reached XP level 5. HP: 29/29 MP: 5/5
  4358 | D:3      | Found a burning altar of Makhleb.
  5523 | D:4      | Noticed an ogre
  5786 | D:4      | Reached XP level 6. HP: 8/34 MP: 2/6
  6149 | D:4      | Noticed a sky beast
  6249 | D:4      | HP: 1/34 [something (3)]
  6340 | D:4      | HP: 1/34 [sky beast (4)]
  6344 | D:4      | - gettin ridiculous
  6451 | D:4      | Slain by a sky beast

Illustrated notes #.#....# #......# ..@..#....# #......# .....#....#####......# .....#....#...#......####### ..........'...'............. ###....#...#.....###.#### .......#...####.......... ###############.###..##### .......###....... ........)...##### ####.@.####### ....S(g...... ...(........# ..≈≈........# .≈..≈.......# ≈≈..≈..≈≈...≈ .≈..≈..≈..≈ ≈.⌠≈..≈.. Turn 2076 on D:2: - and the adder ruins all the careful prep

#........#.### ###.####.......#
#..............# ....####.......#
#.### ###...#Y# #.# #...#.# #####
#.# ##Y##.###########...#
#.####### #.##.....>.........####
#.......###.#########.#..........
#.#####.##...########.≈..........
..# #........Y.@....≈.####.#####
#.# ##..#...########### #(# # #.#
##.##.## #(# # #.# .....# #.# #
... .###..### #<# #
#....#############.# #
##.##..........(....# #
...##.############### #
###....... # #.[..#### # #
#....... #


Turn 6344 on D:4: - gettin ridiculous

Levels and vault maps discovered:
D:1:      doesnt_arrival_eight_statues, layout_loops_ring, serial_forest,
          infiniplex_forest_clump_C, infiniplex_forest_lined_2,
          infiniplex_forest_corner_2, infiniplex_forest_lined_corner,
          infiniplex_forest_clump_medium
D:2:      cheibrodos_helix_gallery, layout_basic,
          dreamdust_ecumenical_altar_sealed_demon, uniq_terence, uniq_sigmund
D:3:      layout_loops_ring, lemuel_doored_altar, uniq_natasha
D:4:      layout_loops_ring, grunt_ministairs_7

Skill      XL: |  1  2  3  4  5 |
---------------+----------------+-----
Dodging        | 3 4 5 |  5.9
Stealth        | 2 3 4 |  4.4
Fighting       | |  1.1
Armour         | |  0.7
Evocations     | |  3.6

Action                   |  1- 3 |  4- 6 || total
-------------------------+-------+-------++-------
Melee: Dagger            |   173 |   177 ||   350
       Club              |     1 |       ||     1
Throw: Dart              |    19 |     5 ||    24
Evoke: Wand              |     5 |    23 ||    28
       Piece from Xom's  |       |     1 ||     1
  Use: Potion            |       |     1 ||     1
 Stab: Sleeping          |    13 |    10 ||    23
Armor: Leather armour    |    41 |    35 ||    76
Dodge: Dodged            |   138 |   133 ||   271
